AoeStats
← Vilo41

Arena

509965618Analyzed
1v1 RM · 4d ago on Sep 28, 2026· 47m 6s· 2 players
Game mode
Random Map
Map size
Tiny (2 player)
Population
200
Speed
Normal
Resources
Standard
Victory
Conquest
Starting age
Dark Age
Ending age
Imperial Age
RankedLock teamsTeams togetherTeam positionsShared explorationLock speedFull tech treeHidden civsTurbo modeCheats
Victory
Defeat
🇨🇴 Armenians · Colombia
643
+13
🇻🇪 Franks · Venezuela
581
-20
Jusep Pedrerol
0:27 Loom
12:18 Feudal Age
12:48 Double-Bit Axe
12:45 Horse Collar
12:43 Man-at-Arms
14:44 Forging
14:35 Arson
15:12 Long Swordsman
16:52 Scale Mail Armor
18:05 Gold Mining
19:30 Stone Mining
20:22 Wheelbarrow
21:12 Town Watch
24:27 Castle Age
25:35 Hand Cart
25:59 Iron Casting
25:40 Chain Mail Armor
24:49 Two-Handed Swordsman
25:15 Gambesons
25:30 Squires
25:57 Heavy Plow
26:10 Bow Saw
26:38 Gold Shaft Mining
27:58 Champion
28:26 Pikeman
34:38 Fletching
34:48 Halberdier
38:52 Imperial Age
38:20 Bloodlines
38:11 Husbandry
38:29 Scale Barding Armor
38:21 Bodkin Arrow
38:51 Ballistics
38:27 Murder Holes
38:13 Treadmill Crane
38:44 Masonry
39:00 Cavalier
41:13 Blast Furnace
40:44 Plate Mail Armor
40:35 Chain Barding Armor
40:16 Bracer
41:18 Chemistry
40:10 Capped Ram
41:03 Siege Ram
43:02 Fereters
43:18 Conscription
44:59 Town Patrol
45:16 Fortified Wall
46:12 Bombard Tower
45:28 Elite Composite Bowman
Vilo41
11:07 Feudal Age
12:30 Wheelbarrow
11:51 Double-Bit Axe
22:26 Castle Age
21:23 Scale Barding Armor
21:54 Gold Mining
23:18 Fletching
23:51 Husbandry
28:04 Hand Cart
28:03 Scale Mail Armor
28:34 Bow Saw
35:43 Padded Archer Armor
35:18 Man-at-Arms
41:01 Gold Shaft Mining
46:32 Imperial Age
44:00 Bodkin Arrow
45:10 Forging
45:16 Stone Mining
46:49 Iron Casting
Connection lost

Rejoining the realm…

Still unreachable

The connection could not be restored.

Session expired

The server has moved on; the page needs a fresh start.